[ AOE2 MATCH · #507963730 ]
UnrankedPortuguese vs Japanese
Player's team · LOSS
Rival team · WIN
[ REPLAY ANALYSIS · EXTRACTED FROM THE RECORDED GAME ]
Feudal
8:54
Castle
23:31
Imperial
37:38
| APM avg | 65.0 |
| APM peak | 103 |
| eAPM avg | 30.5 |
| Villagers / military | 186 / 412 |
Focus
⚔️ 34.1% · 🌾 65.9%
Archer ×204 · Skirmisher ×153 · Organ Gun ×32 · Fishing Ship ×25 · Trebuchet (Packed) ×10 · Unknown (2626) ×8
Feudal
9:44
Castle
23:15
Imperial
37:17
| APM avg | 53.9 |
| APM peak | 107 |
| eAPM avg | 29.3 |
| Villagers / military | 178 / 425 |
Focus
⚔️ 46.8% · 🌾 53.2%
Skirmisher ×203 · Scout Cavalry ×111 · Archer ×58 · Fishing Ship ×22 · Unknown (2626) ×19 · Battering Ram ×10
Match map
Initial resources + every placement click. Lines = walls · curves = elevation contours. ◆ gold · ⬟ stone · ● berries · ✦ relic · ◌ wall gap
Your base· Open — 4t gap
新竹's base· Open — 12t gap
Smoothed initial terrain · ◌ = detected wall gap · hover for details
Inputs per minute
— Player86688262 - - 新竹
Build order — Player86688262
First 150 of 646 actions detected
| 0:00 | Queue | Villager (Male) |
| 0:01 | Queue | Villager (Male) |
| 0:01 | Queue | Villager (Male) |
| 0:02 | Build | House |
| 0:03 | Build | House |
| 0:34 | Queue | Villager (Male) |
| 0:35 | Queue | Villager (Male) |
| 1:32 | Queue | Villager (Male) |
| 1:32 | Queue | Villager (Male) |
| 2:02 | Queue | Villager (Male) |
| 2:27 | Queue | Villager (Male) |
| 2:28 | Queue | Villager (Male) |
| 2:45 | Build | Lumber Camp |
| 2:57 | Queue | Villager (Male) |
| 3:20 | Queue | Villager (Male) |
| 3:21 | Queue | Villager (Male) |
| 3:48 | Queue | Villager (Male) |
| 3:52 | Build | House |
| 4:05 | Queue | Villager (Male) |
| 4:05 | Queue | Villager (Male) |
| 4:32 | Queue | Villager (Male) |
| 4:32 | Queue | Villager (Male) |
| 5:06 | Queue | Villager (Male) |
| 5:06 | Queue | Villager (Male) |
| 5:08 | Build | Mining Camp |
| 5:26 | Queue | Villager (Male) |
| 5:26 | Queue | Villager (Male) |
| 5:36 | Queue | Villager (Male) |
| 5:46 | Queue | Villager (Male) |
| 6:12 | Research | Loom |
| 6:21 | Research | Loom |
| 6:44 | Research | Feudal Age |
| 6:44 | Research | Feudal Age |
| 7:18 | Build | Barracks |
| 7:34 | Build | House |
| 8:17 | Build | Palisade Wall |
| 8:20 | Build | Palisade Wall |
| 8:21 | Build | Palisade Wall |
| 8:21 | Build | Palisade Wall |
| 8:32 | Queue | Villager (Male) |
| 8:33 | Queue | Villager (Male) |
| 8:54 | Age | Feudal Age |
| 8:58 | Build | Archery Range |
| 9:12 | Build | Blacksmith |
| 9:40 | Queue | Villager (Male) |
| 9:40 | Queue | Villager (Male) |
| 9:44 | Queue | Archer |
| 9:44 | Queue | Archer |
| 9:53 | Research | Fletching |
| 9:58 | Build | House |
| 9:59 | Build | Palisade Wall |
| 10:05 | Build | Palisade Wall |
| 10:05 | Build | Palisade Wall |
| 10:06 | Build | Palisade Wall |
| 10:07 | Build | Palisade Wall |
| 10:15 | Queue | Archer |
| 10:26 | Queue | Archer |
| 10:27 | Queue | Villager (Male) |
| 10:39 | Build | Watch Tower |
| 10:46 | Queue | Villager (Male) |
| 11:29 | Queue | Villager (Male) |
| 11:30 | Queue | Villager (Male) |
| 11:53 | Build | House |
| 11:56 | Queue | Archer |
| 11:56 | Queue | Archer |
| 12:10 | Queue | Villager (Male) |
| 12:26 | Build | Mill |
| 12:48 | Build | Lumber Camp |
| 12:50 | Queue | Villager (Male) |
| 12:50 | Queue | Villager (Male) |
| 13:01 | Queue | Archer |
| 13:02 | Queue | Archer |
| 13:18 | Build | House |
| 13:44 | Queue | Villager (Male) |
| 14:15 | Queue | Archer |
| 14:16 | Queue | Villager (Male) |
| 14:16 | Queue | Villager (Male) |
| 14:16 | Queue | Villager (Male) |
| 14:46 | Build | Dock |
| 14:49 | Queue | Archer |
| 15:05 | Build | House |
| 15:29 | Queue | Villager (Male) |
| 15:29 | Queue | Villager (Male) |
| 15:29 | Queue | Villager (Male) |
| 15:35 | Build | Mining Camp |
| 15:50 | Queue | Fishing Ship |
| 16:20 | Queue | Fishing Ship |
| 16:22 | Queue | Villager (Male) |
| 16:22 | Queue | Villager (Male) |
| 16:24 | Build | Mining Camp |
| 16:47 | Build | House |
| 16:54 | Build | Dock |
| 17:04 | Queue | Fishing Ship |
| 17:14 | Research | Double-Bit Axe |
| 17:15 | Research | Double-Bit Axe |
| 17:58 | Queue | Fishing Ship |
| 17:58 | Queue | Fishing Ship |
| 17:59 | Queue | Villager (Male) |
| 17:59 | Queue | Villager (Male) |
| 18:33 | Build | Watch Tower |
| 18:46 | Queue | Fishing Ship |
| 18:50 | Build | House |
| 18:59 | Queue | Villager (Male) |
| 19:05 | Build | Market |
| 19:12 | Build | Farm |
| 19:12 | Build | Farm |
| 19:15 | Build | Farm |
| 19:42 | Queue | Villager (Male) |
| 19:42 | Queue | Villager (Male) |
| 19:51 | Queue | Fishing Ship |
| 19:52 | Queue | Fishing Ship |
| 20:26 | Build | Archery Range |
| 20:30 | Build | Archery Range |
| 20:37 | Build | House |
| 20:38 | Build | House |
| 20:40 | Build | Palisade Wall |
| 20:51 | Research | Castle Age |
| 21:21 | Build | Dock |
| 21:48 | Queue | Archer |
| 21:48 | Queue | Archer |
| 22:17 | Queue | Unit 2626 |
| 22:17 | Queue | Unit 2626 |
| 22:21 | Queue | Fishing Ship |
| 22:21 | Queue | Fishing Ship |
| 22:25 | Queue | Archer |
| 22:32 | Research | Gold Mining |
| 23:00 | Queue | Archer |
| 23:01 | Queue | Archer |
| 23:04 | Build | House |
| 23:08 | Build | House |
| 23:10 | Build | House |
| 23:11 | Build | House |
| 23:31 | Age | Castle Age |
| 23:35 | Queue | Villager (Male) |
| 23:35 | Queue | Villager (Male) |
| 23:35 | Queue | Villager (Male) |
| 23:47 | Build | Castle |
| 23:52 | Research | Bodkin Arrow |
| 23:53 | Research | Bodkin Arrow |
| 24:01 | Research | Crossbowman (upgrade) |
| 24:04 | Queue | Fishing Ship |
| 24:04 | Queue | Fishing Ship |
| 24:04 | Queue | Fishing Ship |
| 24:08 | Build | Palisade Wall |
| 24:10 | Build | Palisade Wall |
| 24:10 | Build | Palisade Wall |
| 24:11 | Build | Palisade Wall |
| 24:12 | Build | Palisade Wall |
| 24:15 | Build | Dock |
| 24:55 | Queue | Villager (Male) |
Build order — 新竹
First 150 of 1007 actions detected
| 0:00 | Queue | Villager (Male) |
| 0:01 | Queue | Villager (Male) |
| 0:01 | Queue | Villager (Male) |
| 0:02 | Build | House |
| 0:03 | Build | House |
| 0:06 | Queue | Villager (Male) |
| 1:22 | Queue | Villager (Male) |
| 1:23 | Queue | Villager (Male) |
| 1:46 | Build | Lumber Camp |
| 1:59 | Queue | Villager (Male) |
| 1:59 | Queue | Villager (Male) |
| 2:29 | Queue | Villager (Male) |
| 2:30 | Queue | Villager (Male) |
| 2:51 | Queue | Villager (Male) |
| 3:12 | Queue | Villager (Male) |
| 3:35 | Build | Dock |
| 3:41 | Queue | Villager (Male) |
| 3:50 | Build | House |
| 3:50 | Build | Palisade Wall |
| 4:02 | Queue | Villager (Male) |
| 4:02 | Queue | Villager (Male) |
| 4:14 | Build | Palisade Wall |
| 4:15 | Build | Palisade Wall |
| 4:30 | Queue | Villager (Male) |
| 4:30 | Queue | Villager (Male) |
| 4:55 | Queue | Fishing Ship |
| 4:55 | Queue | Fishing Ship |
| 4:58 | Queue | Villager (Male) |
| 4:58 | Queue | Villager (Male) |
| 5:07 | Build | House |
| 5:17 | Queue | Villager (Male) |
| 5:17 | Queue | Villager (Male) |
| 5:37 | Queue | Villager (Male) |
| 5:42 | Queue | Fishing Ship |
| 5:52 | Queue | Villager (Male) |
| 5:52 | Queue | Villager (Male) |
| 5:52 | Queue | Villager (Male) |
| 6:20 | Research | Loom |
| 7:13 | Build | Barracks |
| 7:34 | Research | Feudal Age |
| 7:35 | Research | Feudal Age |
| 7:43 | Build | House |
| 7:49 | Build | Mining Camp |
| 8:08 | Build | Mill |
| 8:09 | Queue | Militia ×2 |
| 8:29 | Build | House |
| 8:44 | Build | Palisade Wall |
| 8:48 | Build | Palisade Wall |
| 8:52 | Queue | Militia |
| 8:52 | Queue | Militia |
| 9:38 | Queue | Militia |
| 9:44 | Age | Feudal Age |
| 9:47 | Queue | Villager (Male) |
| 9:48 | Research | Double-Bit Axe |
| 9:49 | Research | Double-Bit Axe |
| 9:57 | Build | Watch Tower |
| 10:06 | Research | Man-at-Arms (upgrade) |
| 10:07 | Research | Man-at-Arms (upgrade) |
| 10:25 | Queue | Villager (Male) |
| 10:25 | Queue | Villager (Male) |
| 10:25 | Queue | Villager (Male) |
| 10:27 | Build | Mining Camp |
| 10:28 | Queue | Fishing Ship |
| 10:46 | Queue | Villager (Male) |
| 10:46 | Queue | Villager (Male) |
| 10:46 | Queue | Villager (Male) |
| 11:12 | Queue | Fishing Ship |
| 11:12 | Queue | Fishing Ship |
| 11:23 | Queue | Villager (Male) |
| 11:23 | Queue | Villager (Male) |
| 11:23 | Queue | Villager (Male) |
| 11:48 | Queue | Villager (Male) |
| 12:09 | Build | House |
| 12:12 | Build | House |
| 12:19 | Build | Watch Tower |
| 12:23 | Queue | Villager (Male) |
| 12:46 | Build | Blacksmith |
| 13:09 | Queue | Villager (Male) |
| 13:09 | Queue | Villager (Male) |
| 13:19 | Research | Fletching |
| 13:20 | Research | Fletching |
| 13:33 | Queue | Villager (Male) |
| 13:33 | Queue | Villager (Male) |
| 13:39 | Build | Watch Tower |
| 13:54 | Queue | Villager (Male) |
| 13:54 | Queue | Villager (Male) |
| 13:54 | Queue | Villager (Male) |
| 13:54 | Queue | Villager (Male) |
| 14:14 | Build | Dock |
| 14:20 | Queue | Galley |
| 14:24 | Queue | Villager (Male) |
| 14:24 | Queue | Villager (Male) |
| 15:00 | Build | Watch Tower |
| 15:10 | Queue | Villager (Male) |
| 15:16 | Queue | Villager (Male) |
| 15:19 | Queue | Fishing Ship ×5 |
| 15:40 | Queue | Militia ×2 |
| 15:54 | Build | House |
| 16:04 | Build | Lumber Camp |
| 16:07 | Build | House |
| 16:08 | Build | Palisade Wall |
| 16:20 | Build | Watch Tower |
| 16:22 | Queue | Galley |
| 17:04 | Queue | Fishing Ship ×3 |
| 17:07 | Queue | Villager (Male) |
| 17:08 | Queue | Villager (Male) |
| 17:18 | Queue | Galley |
| 17:26 | Build | Watch Tower |
| 18:00 | Build | House |
| 18:02 | Build | House |
| 18:09 | Build | Dock |
| 18:23 | Queue | Villager (Male) |
| 18:23 | Queue | Villager (Male) |
| 18:47 | Build | Lumber Camp |
| 18:52 | Queue | Fishing Ship ×4 |
| 19:04 | Queue | Villager (Male) |
| 19:11 | Build | Watch Tower |
| 19:17 | Queue | Villager (Male) |
| 19:26 | Build | Watch Tower |
| 19:51 | Build | Market |
| 20:04 | Queue | Fishing Ship ×3 |
| 20:35 | Research | Castle Age |
| 20:35 | Research | Castle Age |
| 20:35 | Research | Castle Age |
| 20:46 | Queue | Fishing Ship |
| 20:55 | Build | Lumber Camp |
| 21:12 | Build | Archery Range |
| 21:13 | Build | Archery Range |
| 21:20 | Queue | Galley |
| 21:20 | Queue | Galley |
| 21:25 | Build | House |
| 21:32 | Research | Gold Mining |
| 21:32 | Research | Gold Mining |
| 21:32 | Research | Gold Mining |
| 21:42 | Queue | Unit 2626 |
| 21:42 | Queue | Unit 2626 |
| 21:42 | Queue | Unit 2626 |
| 21:51 | Build | Mining Camp |
| 22:18 | Queue | Archer |
| 22:21 | Queue | Archer |
| 22:21 | Queue | Archer |
| 22:24 | Research | Padded Archer Armor |
| 22:24 | Research | Padded Archer Armor |
| 22:31 | Build | Mining Camp |
| 22:45 | Queue | Unit 2626 ×5 |
| 22:45 | Queue | Unit 2626 ×5 |
| 23:06 | Queue | Archer |
| 23:07 | Queue | Archer |
| 23:07 | Queue | Archer |
| 23:07 | Queue | Archer |
Match timeline
| 3:35 | 新竹 · first_building Dock |
| 3:50 | 新竹 · wall_segment Palisade Wall x1 |
| 4:14 | 新竹 · wall_segment Palisade Wall x1 |
| 4:15 | 新竹 · wall_segment Palisade Wall x1 |
| 7:13 | 新竹 · first_building Barracks |
| 7:18 | Player86688262 · first_building Barracks |
| 8:17 | Player86688262 · wall_segment Palisade Wall x1 |
| 8:20 | Player86688262 · wall_segment Palisade Wall x1 |
| 8:21 | Player86688262 · wall_segment Palisade Wall x1 |
| 8:21 | Player86688262 · wall_segment Palisade Wall x1 |
| 8:44 | 新竹 · wall_segment Palisade Wall x1 |
| 8:48 | 新竹 · wall_segment Palisade Wall x1 |
| 8:54 | Player86688262 · age_up feudal |
| 8:58 | Player86688262 · first_building Archery Range |
| 9:44 | 新竹 · age_up feudal |
| 9:59 | Player86688262 · wall_segment Palisade Wall x1 |
| 10:05 | Player86688262 · wall_segment Palisade Wall x1 |
| 10:05 | Player86688262 · wall_segment Palisade Wall x1 |
| 10:06 | Player86688262 · wall_segment Palisade Wall x1 |
| 10:07 | Player86688262 · wall_segment Palisade Wall x1 |
| 14:46 | Player86688262 · first_building Dock |
| 16:08 | 新竹 · wall_segment Palisade Wall x1 |
| 20:40 | Player86688262 · wall_segment Palisade Wall x1 |
| 20:44 | Player86688262 · first_market_buy 100 food |
| 21:12 | 新竹 · first_building Archery Range |
| 23:15 | 新竹 · age_up castle |
| 23:31 | Player86688262 · age_up castle |
| 23:38 | 新竹 · first_market_sell 100 food |
| 23:47 | Player86688262 · first_building Castle |
| 24:08 | Player86688262 · wall_segment Palisade Wall x1 |
| 24:10 | Player86688262 · wall_segment Palisade Wall x1 |
| 24:10 | Player86688262 · wall_segment Palisade Wall x1 |
| 24:11 | Player86688262 · wall_segment Palisade Wall x1 |
| 24:12 | Player86688262 · wall_segment Palisade Wall x1 |
| 25:11 | Player86688262 · first_building Monastery |
| 25:39 | Player86688262 · wall_segment Palisade Wall x1 |
| 25:40 | Player86688262 · wall_segment Palisade Wall x1 |
| 25:41 | Player86688262 · wall_segment Palisade Wall x1 |
| 28:01 | 新竹 · first_building Siege Workshop |
| 28:27 | 新竹 · first_market_buy 100 stone |
| 29:38 | 新竹 · first_building Monastery |
| 30:30 | Player86688262 · first_building Siege Workshop |
| 34:14 | Player86688262 · first_market_sell 100 wood |
| 35:28 | 新竹 · first_building Castle |
| 37:17 | 新竹 · age_up imperial |
| 37:38 | Player86688262 · age_up imperial |
| 43:54 | Player86688262 · wall_segment Stone Wall x1 |
| 43:56 | Player86688262 · wall_segment Stone Wall x15 |
| 45:20 | 新竹 · wall_segment Stone Wall x1 |
| 45:20 | 新竹 · wall_segment Stone Wall x1 |
| 50:05 | Player86688262 · wall_segment Stone Wall x6 |
| 50:37 | 新竹 · first_building Stable |
| 55:29 | Player86688262 · wall_segment Stone Wall x26 |
| 58:23 | 新竹 · wall_segment Palisade Wall x1 |
| 63:58 | Player86688262 · wall_segment Stone Wall x8 |
| 72:41 | Player86688262 · resign |
[ AI ANALYSIS · 1 CREDIT ]
What really happened in this match?
Wolo.gg analyzes every decision: build order, eco, micro, common mistakes by bracket. Personalized analysis on WhatsApp or Discord in 30 seconds.
Civ guide
Portuguese
Perfil
Jugador #22075249